 Dungeon Crawl Stone Soup version 0.32-a0-738-g1a05c61809 (webtiles) character file.

Game seed: 3693328917691202239

14 Nvm9 the Trooper (level 2, 0/24 HPs)
             Began as a Demonspawn Fighter on Mar 17, 2024.
             Slain by a ball python (1 damage)
             ... on level 1 of the Dungeon.
             The game lasted 00:00:44 (541 turns).

Nvm9 the Trooper (Demonspawn Fighter)                Turns: 541, Time: 00:00:44

Health: 0/24       AC:  6    Str: 16    XL:     2   Next: 31%
Magic:  2/2        EV: -2    Int:  8    God:
Gold:   15         SH:  4    Dex: 12    Spells: 1/1 levels left

rFire   . . .        a - +0 war axe
rCold   . . .        c - +0 buckler
rNeg    . . .        b - +0 scale mail
rPois   .            (no helmet)
rElec   .            (no cloak)
rCorr   .            (no gloves)
SInv    .            (no boots)
Will    .....        (no amulet) Stlth
                     (no ring)
HPRegen 0.24/turn    (no ring)
MPRegen 0.08/turn

%: no passive effects
@: constricted
A: hooves 1
a: no special abilities


You were on level 1 of the Dungeon.
You visited 1 branch of the dungeon, and saw 1 of its levels.

You collected 15 gold pieces.

Inventory:

Hand Weapons
 a - a +0 war axe (weapon)
Armour
 b - a +0 scale mail (worn)
 c - a +0 buckler (worn)
Scrolls
 e - a scroll of identify {unknown}
 h - a scroll of teleportation {unknown}
 i - a scroll of poison {unknown}
 j - a scroll of noise {unknown}
 k - a scroll of blinking {unknown}
Potions
 d - a potion of might
 f - a potion of brilliance {unknown}
 g - a potion of resistance {unknown}


   Skills:
 + Level 3.1 Fighting
 + Level 2.1 Axes
 + Level 2.9 Armour
 + Level 2.9 Shields


You had one spell level left.
You didn't know any spells.
Your spell library contained the following spells:

 Spells                   Type           Power      Damage    Failure   Level
 Call Imp                 Summ           0%         N/A       97%         2
 Sublimation of Blood     Necr           0%         N/A       97%         2
 Summon Hydra             Summ           0%         N/A       100%        7


Dungeon Overview and Level Annotations

Branches:
Dungeon (1/15)

Altars:


Innate Abilities, Weirdness & Mutations

You have large cloven feet.


Message History

The ball python constricts you.
The ball python bites you but does no damage. x2
You block the ball python's attack. The ball python constricts you.
The ball python bites you.
The ball python bites you but does no damage.
The ball python bites you. The ball python constricts you.
The ball python bites you but does no damage. x3
The ball python constricts you. The ball python bites you.
The ball python bites you but does no damage. x2
The ball python constricts you.
The ball python bites you but does no damage.
The ball python bites you but does no damage.
The ball python bites you.
* * * LOW HITPOINT WARNING * * *
The ball python constricts you.
The ball python bites you but does no damage.
The ball python bites you but does no damage. x2
The ball python constricts you.
The ball python bites you but does no damage.
The ball python bites you.
* * * LOW HITPOINT WARNING * * *
The ball python bites you but does no damage.
The ball python constricts you.
* * * LOW HITPOINT WARNING * * *
The ball python bites you but does no damage. x2
You block the ball python's attack. The ball python constricts you.
The ball python bites you but does no damage. x3
The ball python constricts you.
* * * LOW HITPOINT WARNING * * *
The ball python bites you but does no damage.
The ball python bites you.
* * * LOW HITPOINT WARNING * * *
You block the ball python's attack. The ball python constricts you.
The ball python bites you.
* * * LOW HITPOINT WARNING * * *
The ball python bites you but does no damage.
You block the ball python's attack. The ball python constricts you.
* * * LOW HITPOINT WARNING * * *
The ball python bites you.
You die...

#............#.##........#
##....(......#.##..#.#.#.#.#
####.##.##..........#.#.#.#
#####.##.##..............#.#
#......................#.#.##
#####.##.##....######..#.#...
#.##.#....## ##...#...
#.#.......# #.#.#..#
#.#..##.@S# #..)....
#.#..##.SS(...(. #.#.#..#
#.........#...#. #......#
#.#.......# .... ###....#
#.#.###...# ### #....# # #.
#.... #....# .. ...... ......
#..##. ##..#.# #


You could see 3 ball pythons.

Vanquished Creatures
  A dart slug (D:1)
  2 endoplasms (D:1)
  A goblin (D:1)
  A hobgoblin (D:1)
  2 jackals (D:1)
  A quokka (D:1)
  A bat (D:1)
  2 frilled lizards (D:1)
11 creatures vanquished.

Notes
Turn   | Place    | Note
-------+----------+-------------------------------------------
     0 | D:1      | Nvm9 the Demonspawn Fighter began the quest for the Orb.
     0 | D:1      | Reached XP level 1. HP: 18/18 MP: 1/1
    99 | D:1      | Gained mutation: You have large cloven feet. [demonic
                  | ancestry]
    99 | D:1      | Reached XP level 2. HP: 22/24 MP: 2/2
   540 | D:1      | HP: 1/24 [ball python (2)]
   541 | D:1      | Slain by a ball python

Illustrated notes

Levels and vault maps discovered:
D:1:      amcnicky_arrival_single_pillar, layout_basic,
          minmay_shallow_snake_nest

Skill      XL: |  1 |
---------------+----+-----
Axes           | 2 |  2.1
Fighting       | |  3.1
Armour         | |  2.9
Shields        | |  2.9

Action                     || total
---------------------------++-------
  Melee: War axe           ||    24
         Kick              ||     1
 Armour: Scale mail        ||   161
  Dodge: Dodged            ||    80
  Block: Buckler           ||    41

Table legend: (Time is in decaauts)
 A = Elapsed time spent in this place.
 B = Non-inter-level travel time spent in this place.
 C = Inter-level travel time spent in this place.
 D = Time resting spent in this place.
 E = Time spent auto-exploring this place.
 F = Levels seen in this place.
 G = Mean time per level.
                   A        B        C        D        E       F      G
               +--------+--------+--------+--------+--------+-----+--------+
         Total |    551 |    551 |      0 |      0 |    280 |   1 |  551.0 |
       Dungeon |    551 |    551 |      0 |      0 |    280 |   1 |  551.0 |
               +--------+--------+--------+--------+--------+-----+--------+

Top non-repeatable levels by time:
     D:1: 551 daAuts
